Witness me!, chaotic male human Priest ----- |...| |....## |..<|## | -----#### .----+ # # # |G.... #)###d@'- # |.| .| - @ Witness me! the Acolyte Experience level: 5 Strength: 12 Dexterity: 13 Constitution: 11 Intelligence: 11 Wisdom: 18 Charisma: 10 Health: 0(45) Energy: 91(91) Def: 6 Gold: 526 Moves: 2082 Dungeon seed: uErDU0MTdxlIv1OH Game ID: Witness me!_1521663563 Your Inventory: Coins $ - 526 gold pieces Amulets m - an uncursed amulet of ESP (being worn) Weapons a - a blessed +1 mace (weapon in hand) u - an uncursed -3 thirsty dagger Armor e - an uncursed +0 robe (being worn) n - an uncursed +0 small shield (being worn) q - an uncursed +0 orcish helm (being worn) y - a blessed +0 pair of iron shoes (being worn) Comestibles c - 2 uncursed cloves of garlic d - an uncursed sprig of wolfsbane i - an uncursed food ration j - an uncursed lichen corpse Scrolls s - an uncursed scroll of teleportation Spellbooks f - a blessed spellbook of light o - an uncursed spellbook of polymorph Potions b - 4 potions of holy water k - a cursed potion of healing t - an uncursed potion of gain energy Tools h - an uncursed oil lamp (0:1404) l - an uncursed lock pick p - an uncursed towel Spells and supernatural/magical abilities: Name Level Category Cost Memory I - identify 2 divination 21pw 100% W - pray for help -- divine ? -- X - turn undead -- divine ? -- Your skills at the end: Fighting Skills wands [Basic] Weapon Skills mace [Skilled] Spellcasting Skills clerical spells [Basic] Final Attributes: You were telepathic. You were held by a rope golem. You last prayed 5 turns ago. You are dead. Vanquished creatures: 5 gnome lords a gnomish wizard a straw golem 2 giant ants a floating eye a kitten 5 dwarves a kobold lord a rothe a giant bat a werejackal 3 iguanas a coyote a gas spore a hobbit a hobgoblin 2 giant rats 6 cave spiders a brown mold 2 yellow molds 19 gnomes 2 geckos a jackal 2 foxes a kobold 3 goblins 3 lichens 3 newts 72 creatures vanquished. Voluntary challenges: You used a wielded weapon 82 times, starting on turn 210. You read items or engraved 8 times, starting on turn 1534. You never genocided any monsters. You never polymorphed an object. You never changed form. You used no wishes. You never split a pudding. You wrote Elbereth's name 1 time, starting on turn 1534. You never violated your personal moral code. Dungeon overview: The Dungeons of Doom: levels 1 to 4 Level 1 a fountain a long staircase Level 2 Level 3 a fountain, a vault Level 4 a fountain stairs to The Gnomish Mines The Gnomish Mines: levels 5 to 7 Level 5 stairs to The Dungeons of Doom Level 6 Level 7 <- You were here History has recorded: On T:1 you entered the Dungeons of Doom to retrieve the Amulet of Yendor! On T:291 you reached level 2 of The Dungeons of Doom. On T:435 you advanced to experience level 2. On T:660 you reached level 3 of The Dungeons of Doom. On T:751 you advanced to experience level 3. On T:794 you reached level 4 of The Dungeons of Doom. On T:1196 you advanced to experience level 4. On T:1271 you reached level 1 of The Gnomish Mines. On T:1403 you advanced to experience level 5. On T:1633 you reached level 2 of The Gnomish Mines. On T:1760 you advanced to experience level 5. On T:1996 you reached level 3 of The Gnomish Mines. Score breakdown: Gold: 526 ( 9258 points) Experience: 5 levels (11141 points) Exploration: 7 levels ( 14.00%) (10497 points) Discoveries: 4 items ( 1.33%) ( 3464 points) Valuables value: (no points given unless you survive) Artifact value: 0 ( 0 points) Variety of kills: 28 monsters ( 7.37%) ( 8143 points) Turncount: 2082 turns ( -60 points) Survival: died (score multiplied by 80%) Total score: 33954 Latest messages: The rope golem hits! (2x) You are being choked. You hit the rope golem. The rope golem hits! (2x) You are being choked. You hit the rope golem! The rope golem misses. The rope golem hits! You are being choked. You hear a door open. You miss the rope golem. Doge drops an uncursed dagger. You hit the rope golem! The rope golem hits! (2x) You are being choked. You engrave in the floor with an uncursed thirsty dagger. Your thirsty dagger gets dull. You are only able to write "Elberet". The rope golem hits! (2x) You die... Final status: Goodbye Witness me! the Priest, killed by a rope golem, while engraving... You died in The Gnomish Mines on dungeon level 7 with 33954 points, and 526 pieces of gold, after 2082 moves. You were level 5 with a maximum of 45 hit points when you died.